 Dungeon Crawl Stone Soup version 0.30-a0-930-gb9d0489357 (webtiles) character file.

Game seed: 14822544355544145187

1120 retardedninja the Shield-Bearer (level 8, -2/100 HPs)
             Began as a Gnoll Fighter on Mar 23, 2023.
             Slain by a gnoll sergeant
             ... wielding a +2 spear of venom
              (3 damage)
             ... on level 5 of the Dungeon.
             The game lasted 00:05:41 (4476 turns).

retardedninja the Shield-Bearer (Gnoll Fighter)     Turns: 4476, Time: 00:05:42

Health: -2/100     AC: 13    Str: 17 (18) XL:     8   Next: 34%
Magic:  12/12      EV:  7    Int:  4 (7)  God:
Gold:   123        SH:  5    Dex: 10 (12) Spells: 13/13 levels left

rFire   + . .      SeeInvis .    a - +0 war axe (vamp)
rCold   . . .      Faith    .    c - +0 buckler
rNeg    . . .      Spirit   .    p - +0 chain mail
rPois   .          Reflect  .    u - +0 helmet
rElec   .          Rampage  .    (no cloak)
rCorr   .                        (no gloves)
Will    .....                    j - +0 pair of boots Stlth
                                 (no amulet)
HPRegen 0.36/turn                l - ring of protection from fire
MPRegen 0.13/turn                (no ring)

@: berserking, lethally poisoned (-2 -> -10), very quick
A: fangs 1, strong nose, distributed training
a: no special abilities


You were on level 5 of the Dungeon.
You visited 1 branch of the dungeon, and saw 5 of its levels.

You collected 123 gold pieces.

Inventory:

Hand Weapons
 a - a +0 vampiric war axe (weapon)
Armour
 c - a +0 buckler (worn)
 j - a +0 pair of boots (worn)
 p - a +0 chain mail (worn)
 u - a +0 helmet (worn)
Jewellery
 l - a ring of protection from fire (left hand)
 A - a ring of positive energy
Scrolls
 f - a scroll of summoning {unknown}
 i - 2 scrolls of teleportation
 n - a scroll of amnesia {unknown}
 r - a scroll of noise {unknown}
 x - a scroll of blinking
 y - a scroll of enchant weapon {unknown}
Potions
 d - a potion of might
 e - 2 potions of flight
 h - a potion of resistance
 m - 2 potions of lignification
 q - 2 potions of cancellation
 t - a potion of attraction {unknown}


   Skills:
 + Level 7.4 Fighting
 + Level 3.3 Short Blades
 + Level 3.3 Long Blades
 + Level 5.7 Axes
 + Level 3.3 Maces & Flails
 + Level 3.3 Polearms
 + Level 3.3 Staves
 + Level 3.3 Ranged Weapons
 + Level 3.3 Throwing
 + Level 7.4 Armour
 + Level 3.3 Dodging
 + Level 3.3 Stealth
 + Level 7.4 Shields
 + Level 3.3 Unarmed Combat
 + Level 3.3 Spellcasting
 + Level 2.7 Conjurations
 + Level 2.7 Hexes
 + Level 2.7 Summonings
 + Level 2.7 Necromancy
 + Level 2.7 Translocations
 + Level 2.7 Transmutations
 + Level 2.7 Fire Magic
 + Level 2.7 Ice Magic
 + Level 2.7 Air Magic
 + Level 2.7 Earth Magic
 + Level 2.7 Poison Magic
 + Level 3.6 Invocations
 + Level 3.3 Evocations


You had 13 spell levels left.
You didn't know any spells.
Your spell library contained the following spells:

 Spells                   Type           Power      Damage    Failure   Level
 Shock                    Conj/Air       8%         1d3       89%         1
 Static Discharge         Conj/Air       4%         2-3/arc   96%         2
 Inner Flame              Hex/Fire       2%         N/A       99%         3
 Swiftness                Air            2%         N/A       99%         3
 Vhi's Electric Charge    Tloc/Air       4%         N/A       99%         3
 Airstrike                Air            1%         2d(1-17)  100%        4
 Cause Fear               Hex            1%         N/A       100%        4
 Arcjolt                  Conj/Air       1%         1d11      100%        5
 Plasma Beam              Fire/Air       1%         2x1d12    100%        5
 Discord                  Hex            1%         N/A       100%        8


Dungeon Overview and Level Annotations

Branches:
Dungeon (5/15)
 Temple: D:4-7

Altars:
Gozag
Nemelex Xobeh
Trog


Innate Abilities, Weirdness & Mutations

You have very sharp teeth.
Your uncanny sense of smell can sniff out nearby items.
Your experience applies equally to all skills.


Message History

You feel very sick.
You feel very sick.
You feel very sick.
You feel very sick.
You feel sick.
You feel sick.
The gnoll sergeant hits you from afar with a +2 spear of venom.
* * * LOW HITPOINT WARNING * * *
You feel sick.
A gnoll opens the door.
You feel sick.
You feel sick.
You feel sick.
You feel sick.
You feel sick.
You are no longer poisoned.
Sorry, you're not good enough to have a special ability.
It was a potion of degeneration.
There was something very wrong with that liquid.
You feel weakened.
You feel dopey.
You feel clumsy.
The gnoll sergeant hits you but does no damage.
You are lethally poisoned!
Unknown command.
It was a potion of berserk rage.
A red film seems to cover your vision as you go berserk!
You feel yourself moving faster!
You feel mighty!
* * * LOW HITPOINT WARNING * * *
You feel sick. You block the gnoll sergeant's attack.
You are too berserk!
You feel a strong urge to attack something.
* * * LOW HITPOINT WARNING * * *
You feel sick.
The gnoll sergeant hits you with a +2 spear of venom.
* * * LOW HITPOINT WARNING * * *
You are more poisoned.
You closely miss the gnoll sergeant.
The gnoll sergeant is heavily wounded.
* * * LOW HITPOINT WARNING * * *
You feel sick.
The gnoll sergeant hits you with a +2 spear of venom.
You die...

###########
#.........#############
#.#.......gggg@.......#
#.####'#######'####.#
#.# #.# ∆##.#.##
#...).# ∆#..##+##..#..#
#....g# ....#....##.#
#..>..# #.......##..#
###+..# +.......'...#
.#.# ##.......##..#
...#∆##....#....##.#


You could see a gnoll sergeant (inner flame) and 3 gnolls.

Vanquished Creatures
  Grinder (D:3)
  Sigmund (D:2)
  2 ogres
  A centaur (D:5)
  A scorpion (D:5)
  3 orc priests
  A jelly (D:5)
  2 iguanas (D:4)
  3 orc wizards
  5 gnolls
  4 adders
  An ufetubus (D:5)
  A worm (D:2)
  3 dart slugs
  6 orcs
  4 ball pythons
  5 bats
  9 endoplasms
  5 giant cockroaches
  11 goblins
  4 hobgoblins
  10 jackals
  5 quokkas
  5 frilled lizards
  5 kobolds
  10 rats
108 creatures vanquished.

Vanquished Creatures (others)
  An orc wizard (D:5)
  3 plants (D:1)
4 creatures vanquished.

Grand Total: 112 creatures vanquished

Notes
Turn   | Place    | Note
-------+----------+-------------------------------------------
     0 | D:1      | retardedninja the Gnoll Fighter began the quest for the
                  | Orb.
     0 | D:1      | Reached XP level 1. HP: 23/23 MP: 1/1
    97 | D:1      | Reached XP level 2. HP: 29/29 MP: 2/2
   287 | D:1      | Reached XP level 3. HP: 34/35 MP: 3/3
   431 | D:1      | Reached skill level 1 in Invocations
   794 | D:2      | Noticed Sigmund
   802 | D:2      | Killed Sigmund
   803 | D:2      | Reached skill level 1 in Short Blades
   803 | D:2      | Reached skill level 1 in Long Blades
   803 | D:2      | Reached skill level 1 in Maces & Flails
   803 | D:2      | Reached skill level 1 in Polearms
   803 | D:2      | Reached skill level 1 in Staves
   803 | D:2      | Reached skill level 1 in Ranged Weapons
   803 | D:2      | Reached skill level 1 in Throwing
   803 | D:2      | Reached skill level 1 in Dodging
   803 | D:2      | Reached skill level 1 in Stealth
   803 | D:2      | Reached skill level 1 in Unarmed Combat
   803 | D:2      | Reached skill level 1 in Spellcasting
   803 | D:2      | Reached skill level 1 in Conjurations
   803 | D:2      | Reached skill level 1 in Hexes
   803 | D:2      | Reached skill level 1 in Summonings
   803 | D:2      | Reached skill level 1 in Necromancy
   803 | D:2      | Reached skill level 1 in Translocations
   803 | D:2      | Reached skill level 1 in Transmutations
   803 | D:2      | Reached skill level 1 in Fire Magic
   803 | D:2      | Reached skill level 1 in Ice Magic
   803 | D:2      | Reached skill level 1 in Air Magic
   803 | D:2      | Reached skill level 1 in Earth Magic
   803 | D:2      | Reached skill level 1 in Poison Magic
   803 | D:2      | Reached skill level 1 in Evocations
   803 | D:2      | Reached XP level 4. HP: 41/41 MP: 4/6
   803 | D:2      | Reached XP level 5. HP: 47/47 MP: 4/7
   971 | D:2      | Reached XP level 6. HP: 53/53 MP: 8/8
  1851 | D:3      | Reached skill level 5 in Axes
  2627 | D:3      | Found an opulent altar of Gozag.
  2627 | D:3      | Found a sparkling altar of Nemelex Xobeh.
  2670 | D:3      | Noticed Grinder
  2681 | D:3      | Paralysed by Grinder for 4 turns
  2697 | D:3      | Killed Grinder
  2698 | D:3      | Reached XP level 7. HP: 16/60 MP: 10/10
  3358 | D:4      | Found a bloodstained altar of Trog.
  3947 | D:5      | Entered Level 5 of the Dungeon
  4006 | D:5      | Reached XP level 8. HP: 33/67 MP: 12/12
  4475 | D:5      | HP: 5/100 [poisoned by a gnoll sergeant]
  4476 | D:5      | HP: 1/100 [poisoned by a gnoll sergeant]
  4476 | D:5      | Slain by a gnoll sergeant

Illustrated notes

Levels and vault maps discovered:
D:1:      nicolae_arrival_memento_mori, layout_loops_cross, serial_bayou,
          serial_bayou_pond_b, serial_bayou_shore_b, serial_bayou_pond_c,
          serial_bayou_crossing
D:2:      minmay_wonky_spiral, layout_basic, uniq_sigmund
D:3:      layout_basic, grunt_temple_overflow_opulence, nrook_campfire,
          nicolae_hexahallways, kennysheep_cluttered_room, serial_bayou_pond_a,
          uniq_grinder
D:4:      layout_basic, mainiacjoe_overflow_alcove_2
D:5:      layout_basic, minmay_pentangle

Skill      XL: |  1  2  3  4  5  6  7 |
---------------+----------------------+-----
Invocations    | 1 2 3 |  3.6
Short Blades   | 1 2 3 |  3.3
Long Blades    | 1 2 3 |  3.3
Maces & Flails | 1 2 3 |  3.3
Polearms       | 1 2 3 |  3.3
Staves         | 1 2 3 |  3.3
Ranged Weapons | 1 2 3 |  3.3
Throwing       | 1 2 3 |  3.3
Dodging        | 1 2 3 |  3.3
Stealth        | 1 2 3 |  3.3
Unarmed Combat | 1 2 3 |  3.3
Spellcasting   | 1 2 3 |  3.3
Conjurations   | 1 2 |  2.7
Hexes          | 1 2 |  2.7
Summonings     | 1 2 |  2.7
Necromancy     | 1 2 |  2.7
Translocations | 1 2 |  2.7
Transmutations | 1 2 |  2.7
Fire Magic     | 1 2 |  2.7
Ice Magic      | 1 2 |  2.7
Air Magic      | 1 2 |  2.7
Earth Magic    | 1 2 |  2.7
Poison Magic   | 1 2 |  2.7
Evocations     | 1 2 3 |  3.3
Axes           | 5 |  5.7
Fighting       | 7 |  7.4
Armour         | 7 |  7.4
Shields        | 7 |  7.4

Action                     |  1- 3 |  4- 6 |  7- 9 || total
---------------------------+-------+-------+-------++-------
  Melee: War axe           |    85 |   138 |   139 ||   362
         Bite              |     2 |    13 |    21 ||    36
    Use: Potion            |       |     1 |     6 ||     7
         Scroll            |       |       |    12 ||    12
 Armour: Scale mail        |    45 |     3 |       ||    48
         Chain mail        |       |    84 |    70 ||   154
  Dodge: Dodged            |    49 |    58 |    46 ||   153
  Block: Buckler           |    27 |    33 |    37 ||    97

Table legend: (Time is in decaauts)
 A = Elapsed time spent in this place.
 B = Non-inter-level travel time spent in this place.
 C = Inter-level travel time spent in this place.
 D = Time resting spent in this place.
 E = Time spent auto-exploring this place.
 F = Levels seen in this place.
 G = Mean time per level.
                   A        B        C        D        E       F      G
               +--------+--------+--------+--------+--------+-----+--------+
         Total |   4591 |   4469 |    122 |    544 |   3072 |   5 |  918.2 |
       Dungeon |   4591 |   4469 |    122 |    544 |   3072 |   5 |  918.2 |
               +--------+--------+--------+--------+--------+-----+--------+

Top non-repeatable levels by time:
     D:3: 1135 daAuts
     D:4: 1078 daAuts
     D:2: 998 daAuts
     D:1: 833 daAuts
     D:5: 546 daAuts
